Map: Odyssey LE

Players

Sora - Winner!

  • Race: Terran Terran
  • Spawn Location: 11:00

triznels

  • Race: Protoss Protoss
  • Spawn Location: 5:00

VOD

Have the link to the VOD?

Description

a timming attack-type build order

Time

  • Played on: June 28, 2017, 6:37 a.m.
  • Length: 14:04
Show
View Real Time Build Order
Export as new Build Order

Sora Terran - Winner!

Build Orders: MMM Bio 

Get SALT Encoding   

  12  0:01  SCV  
  13  0:14  Supply Depot  
  13  0:19  SCV  
  14  0:28  Refinery  
  14  0:32  SCV  
  15  0:43  Barracks  
  15  0:47  SCV  
  16  0:59  SCV  
  17  1:11  SCV  
  18  1:23  SCV  
  19  1:36  Supply Depot  
  19  1:40  Command Center  
  19  1:41  SCV  
  19  1:43  Marine  
  21  1:53  SCV, Refinery  
  22  2:00  Marine  
  23  2:06  Orbital Command  
  23  2:18  Marine  
  24  2:26  Factory  
  24  2:36  Marine  
  25  2:38  SCV  
  26  2:55  Bunker, Barracks Tech Lab  
  26  3:04  Barracks  
  25  3:11  SCV  
  26  3:15  SCV  
  27  3:28  Barracks Tech Lab  
  27  3:33  Siege Tank  
  29  3:36  SCV  
  29  3:37  SCV  
  30  4:01  Marine x2  
  31  4:03  Barracks  
  31  4:10  Starport  
  31  4:13  SCV  
  31  4:14  SCV  
  33  4:24  Marine x2  
  33  4:28  Barracks  
  33  4:29  Stimpack  
  35  4:35  SCV  
  36  4:51  Bunker  
  36  5:01  Barracks Reactor  
  36  5:04  Barracks Reactor  
  36  5:08  Fusion Core  
  36  5:12  Engineering Bay  
  36  5:21  Starport Tech Lab  
  36  5:25  Marine  
  37  5:31  Siege Tank  
  40  5:42  Marine  
  40  5:48  Bunker  
  40  5:49  SCV  
  42  5:59  Barracks Tech Lab  
  42  6:00  Marine  
  43  6:07  Marine x3  
  46  6:15  Marine, Siege Tank  
  46  6:17  Supply Depot x2  
  46  6:18  Marine  
  50  6:24  Marine x2  
  50  6:25  Marine  
  54  6:38  Marine x3  
  57  6:41  Supply Depot  
  57  6:42  Marine x2  
  57  6:43  Battlecruiser  
  65  6:51  Combat Shields  
  65  6:55  SCV  
  65  7:00  SCV, Refinery  
  67  7:16  Supply Depot  
  67  7:18  Refinery  
  67  7:23  SCV  
  68  7:33  Weapon Refit  
  68  7:40  Starport  
  68  7:48  Marine x4  
  68  7:49  Marine x2  
  74  7:55  Supply Depot  
  74  7:57  Supply Depot  
  74  8:10  Marine x3  
  74  8:12  Marine x2  
  79  8:13  Marine  
  79  8:14  Battlecruiser  
  86  8:28  Marine  
  87  8:52  SCV  
  87  8:55  SCV  
  89  8:57  Siege Tank  
  89  8:59  Starport Tech Lab  
  89  9:02  Marine x3  
  93  9:03  Marine x3  
  98  9:17  Supply Depot  
  98  9:19  Battlecruiser  
  98  9:20  Marine x2  
  106  9:49  Battlecruiser  
  112  9:52  Marine  
  112  9:53  Marine x3  
  112  9:59  SCV  
  117  10:00  SCV  
  118  10:48  Battlecruiser  
  118  10:51  Supply Depot  
  118  10:53  SCV  
  113  11:21  Battlecruiser  
  119  11:38  Starport  
  119  11:53  Battlecruiser  
  125  11:55  SCV  
  112  12:50  Command Center  
  112  12:57  Marine x5  
  117  13:24  Starport Tech Lab  
Show
View Real Time Build Order
Export as new Build Order

triznels Protoss 

Build Orders:  

Get SALT Encoding   

  12  0:03  Probe (Chrono Boost)  
  13  0:24  Assimilator  
  13  0:32  Probe (Chrono Boost)  
  13  0:35  Pylon  
  14  0:43  Probe (Chrono Boost)  
  15  0:54  Gateway  
  15  0:58  Forge  
  15  1:11  Gateway  
  15  1:23  Gateway  
  15  1:39  Pylon  
  15  1:44  Zealot  
  17  2:00  Zealot  
  19  2:11  Zealot  
  21  2:21  Cybernetics Core  
  21  2:22  Zealot  
  23  2:27  Zealot  
  25  2:33  Probe (Chrono Boost)  
  27  2:44  Probe (Chrono Boost)  
  27  2:55  Probe (Chrono Boost)  
  28  3:03  Stalker  
  30  3:06  Stalker  
  30  3:20  Pylon  
  30  3:27  Photon Cannon  
  26  4:10  Warp Gate  
  26  4:12  Stalker x2  
  26  4:13  Stalker  
  32  4:21  Probe (Chrono Boost)  
  33  4:27  Assimilator  
  33  4:32  Probe (Chrono Boost)  
  34  4:42  Zealot  
  34  4:43  Zealot  
  38  4:59  Pylon  
  38  5:00  Pylon  
  38  5:16  Stalker  
  38  5:18  Stalker  
  38  5:19  Zealot  
  44  5:46  Stalker, Zealot  
  44  5:48  Stalker  
  50  6:08  Probe (Chrono Boost)  
  51  6:13  Stalker  
  51  6:17  Zealot  
  55  6:30  Pylon  
  55  6:47  Pylon  
  55  6:48  Stalker x2, Probe (Chrono Boost), Zealot  
  62  7:00  Pylon  
  62  7:15  Zealot  
  64  7:17  Stalker  
  64  7:18  Zealot  
  68  7:42  Zealot  
  70  7:45  Stalker  
  70  7:47  Stalker  
  70  7:50  Pylon  
  74  8:02  Gateway  
  74  8:09  Zealot  
  74  8:15  Sentry  
  74  8:18  Sentry  
  71  8:36  Adept  
  71  8:41  Zealot  
  71  8:44  Stalker  
  75  9:03  Sentry  
  75  9:08  Probe (Chrono Boost)  
  78  9:25  Probe (Chrono Boost)  
  79  9:46  Pylon  
  79  10:07  Photon Cannon  
  73  11:17  Stalker  
  75  11:23  Stalker x2  
  75  11:24  Stalker  
  81  11:41  Stalker  
  83  11:51  Stalker  
  53  12:34  Stalker  
  53  12:35  Stalker x2  
  25  12:38  Zealot  
  11  12:58  Stalker x2  
  11  12:59  Stalker  
  11  13:03  Stalker  
  9  13:27  Stalker  
Tags
 
Composition
MMM Bio
Matchup
PvT
Spawn Locations
Cross Positions
Add a new tag
Caveats
  • Supply blocks, unpowered buildings, or Contaminate may cause inaccurate times.
  • Supply counts are checked every 10 seconds.